Map: Oxide LE

Players

ViBE

  • Race: Terran Terran
  • League: Gold
  • Spawn Location: 1:00

WhyYouSoFast - Winner!

  • Race: Protoss Protoss
  • League: Gold
  • Spawn Location: 7:00

VOD

Have the link to the VOD?

Description

Time

  • Played on: March 24, 2021, 10:14 p.m.
  • Length: 15:52
Show
View Real Time Build Order
Export as new Build Order

ViBE Terran 

Build Orders:  

Get SALT Encoding   

  12  0:00  SCV  
  13  0:15  SCV  
  14  0:24  Supply Depot  
  14  0:27  SCV  
  15  0:45  SCV  
  15  0:48  Barracks  
  16  0:54  Refinery  
  16  0:57  SCV  
  17  1:09  SCV  
  18  1:23  SCV  
  19  1:36  Marine  
  20  1:41  Orbital Command  
  20  1:53  Command Center  
  20  1:55  Marine  
  21  2:04  Supply Depot  
  21  2:08  Factory  
  21  2:11  SCV  
  21  2:13  Marine  
  23  2:26  SCV  
  24  2:32  Barracks Reactor  
  24  2:38  SCV  
  25  2:50  SCV  
  26  2:52  Barracks  
  26  2:53  Factory Tech Lab  
  26  2:57  Supply Depot  
  26  2:59  Refinery  
  26  3:02  SCV  
  27  3:09  Marine x2  
  27  3:12  Orbital Command  
  29  3:14  SCV  
  29  3:15  Siege Tank  
  33  3:26  SCV  
  34  3:29  Marine x2  
  34  3:30  Supply Depot  
  36  3:40  SCV x2  
  38  3:42  Barracks Tech Lab  
  38  3:47  Starport, Marine x2  
  40  3:53  SCV x2  
  42  3:59  Supply Depot  
  42  4:05  SCV x2  
  42  4:06  Siege Tank  
  47  4:10  Marine x2  
  47  4:11  Marine  
  50  4:17  SCV x2  
  52  4:25  Supply Depot  
  52  4:26  Starport Reactor  
  52  4:29  SCV x2, Marine x2  
  52  4:30  Marine  
  57  4:43  SCV x2  
  59  4:47  Marine x2  
  61  4:55  SCV x2, Stimpack  
  61  4:58  Siege Tank  
  66  5:00  Marine, Supply Depot  
  66  5:05  Marine x2  
  69  5:07  SCV  
  69  5:08  SCV  
  69  5:09  Supply Depot x2  
  71  5:15  Command Center  
  71  5:18  Marine  
  71  5:21  SCV x2  
  74  5:23  Marine x2  
  76  5:28  Refinery  
  76  5:29  Refinery  
  76  5:34  Medivac x2  
  80  5:36  Marine  
  80  5:37  SCV  
  80  5:38  SCV  
  80  5:40  Marine  
  80  5:41  Marine  
  85  5:49  SCV  
  86  5:50  SCV  
  87  5:57  Marine  
  87  5:58  Marine  
  87  6:01  SCV  
  87  6:02  SCV  
  87  6:03  Barracks  
  91  6:04  Barracks  
  91  6:05  Barracks  
  91  6:08  Barracks  
  91  6:11  Marine  
  91  6:14  SCV x2  
  91  6:15  Marine  
  91  6:16  Marine  
  96  6:20  Medivac  
  96  6:21  Medivac  
  100  6:26  SCV x2  
  100  6:29  Marine  
  103  6:34  Orbital Command, Combat Shield  
  103  6:38  SCV  
  104  6:42  Marine x2, Engineering Bay  
  104  6:43  Engineering Bay  
  104  6:46  Marine  
  107  6:49  Orbital Command, Armory  
  107  6:51  SCV x2  
  109  6:54  Barracks Reactor  
  109  6:55  Barracks Reactor x3  
  109  7:00  Marine x2  
  111  7:03  SCV x2  
  111  7:04  Marine  
  115  7:15  SCV x2  
  116  7:26  Terran Infantry Armor Level 1, Terran Infantry Weapons Level 1  
  116  7:30  Supply Depot  
  116  7:31  Supply Depot x2  
  116  7:32  Supply Depot  
  116  7:33  SCV, Supply Depot  
  107  7:39  Marine  
  107  7:40  Marine x3  
  107  7:41  Marine  
  107  7:44  Terran Vehicle Weapons Level 1  
  112  7:51  Command Center  
  112  7:53  SCV x3  
  112  7:56  Refinery  
  110  7:58  Refinery  
  110  8:05  SCV x3  
  108  8:16  Marine x3  
  108  8:17  SCV x3, Marine x8, Thor  
  128  8:20  Medivac x2  
  132  8:31  SCV x3  
  132  8:32  Barracks  
  132  8:33  Barracks x2  
  135  8:34  Marine  
  136  8:41  Marine  
  136  8:42  Marine x9  
  136  8:47  SCV x3  
  149  8:52  Marine, Medivac x2  
  154  8:59  Marine x3  
  154  9:00  Supply Depot  
  154  9:01  Supply Depot  
  154  9:02  Supply Depot  
  157  9:04  Thor  
  157  9:07  Marine x5  
  157  9:08  Marine x2  
  170  9:11  Planetary Fortress  
  171  9:17  SCV x2  
  171  9:20  Barracks Reactor  
  171  9:21  Barracks Reactor x2  
  171  9:22  SCV  
  173  9:27  Marine  
  173  9:28  Marine x8  
  173  9:29  SCV x2  
  173  9:30  Marine x2  
  186  9:33  Medivac x2  
  186  9:34  SCV  
  186  9:35  Terran Infantry Weapons Level 2  
  186  9:36  Terran Infantry Armor Level 2  
  191  9:39  Terran Vehicle Weapons Level 2  
  191  9:41  SCV x2  
  193  9:51  Marine  
  193  9:52  Marine x6  
  200  10:15  Command Center  
  174  10:29  Factory  
  174  10:30  Starport, Barracks  
  174  10:31  Barracks x2  
  174  10:32  Barracks, Command Center  
  136  10:42  Barracks x4  
  118  10:43  Barracks  
  118  10:44  Marine x17  
  127  10:51  Thor  
  127  10:52  Medivac  
  127  10:55  Medivac  
  137  11:01  Marine  
  137  11:02  Marine x7  
  145  11:10  Starport Reactor  
  143  11:12  Factory Tech Lab  
  143  11:17  Barracks Tech Lab  
  143  11:18  Barracks Tech Lab x2  
  143  11:22  Concussive Shells  
  143  11:24  Marauder, Marine x10  
  155  11:26  Medivac x2  
  155  11:29  Barracks Tech Lab  
  155  11:30  Barracks Reactor x4  
  153  11:33  Thor x2  
  153  11:37  Planetary Fortress  
  157  11:45  Marine x10  
  138  11:54  Marauder, Marine  
  138  11:55  Marauder x3, Marine x5  
  146  12:02  Terran Infantry Weapons Level 3  
  146  12:03  Marine  
  137  12:16  Marauder  
  129  12:24  SCV x5  
  129  12:25  Marine  
  129  12:26  Marine x10  
  143  12:36  Refinery, SCV x3  
  146  13:00  Starport, Barracks  
  146  13:02  Barracks  
  146  13:04  Barracks Tech Lab, Barracks  
  146  13:08  Marauder x2, Marine x5  
  146  13:09  Marine x6  
  146  13:10  Marine x2  
  146  13:12  Command Center  
  163  13:17  Thor  
  169  13:29  Marauder  
  169  13:40  Marauder, Marine x2  
  169  13:41  Marauder, Marine x3  
  154  13:42  Marine x2  
  154  13:43  Marine  
  128  13:50  Marauder  
  128  13:55  Marine x9  
  108  13:56  Marine  
  108  14:02  Marauder x2  
  112  14:04  SCV x5  
  109  14:12  Marauder  
  109  14:14  Marine  
  109  14:16  SCV  
  111  14:23  Marauder x2, Planetary Fortress  
  105  14:25  SCV x3  
  105  14:27  Marine x2  
  105  14:28  SCV  
  93  14:33  Marauder  
  89  14:44  Marauder  
  89  14:45  Marauder  
  90  14:48  Marine x12  
  90  14:49  Marine x13  
  109  14:54  Marauder  
  104  15:05  SCV x3  
  104  15:06  Marauder x2, Marine x7  
  104  15:07  Marine x5  
  110  15:11  SCV  
  110  15:12  SCV  
  99  15:15  Medivac x2  
  99  15:16  Marauder  
  99  15:17  SCV x2  
  113  15:23  SCV  
  113  15:24  SCV  
  113  15:27  Marauder  
  107  15:29  SCV x2, Marauder, Marine x7  
  117  15:35  SCV  
  118  15:51  Command Center  
Show
View Real Time Build Order
Export as new Build Order

WhyYouSoFast Protoss - Winner!

Build Orders: 1 Gate Expand, Colossus Rush 

Get SALT Encoding   

  12  0:00  Probe  
  13  0:12  Probe  
  14  0:20  Pylon  
  14  0:24  Probe  
  15  0:38  Probe (Chrono Boost)  
  15  0:41  Gateway  
  17  0:50  Probe (Chrono Boost), Assimilator  
  17  0:55  Probe (Chrono Boost)  
  18  1:04  Probe  
  19  1:17  Probe  
  20  1:25  Nexus  
  20  1:35  Cybernetics Core  
  20  1:39  Probe  
  21  1:51  Probe  
  21  1:53  Pylon  
  22  1:55  Assimilator  
  22  2:03  Probe  
  23  2:12  Stalker (Chrono Boost)  
  25  2:16  Warp Gate  
  25  2:18  Probe (Chrono Boost)  
  26  2:29  Probe (Chrono Boost)  
  27  2:35  Probe (Chrono Boost)  
  28  2:39  Stalker  
  28  2:41  Probe (Chrono Boost)  
  31  2:48  Robotics Facility  
  32  2:51  Probe (Chrono Boost)  
  32  2:53  Probe (Chrono Boost)  
  33  3:00  Probe (Chrono Boost)  
  33  3:01  Probe (Chrono Boost)  
  33  3:04  Gateway  
  35  3:09  Probe (Chrono Boost)  
  37  3:15  Probe (Chrono Boost), Gateway  
  38  3:21  Probe (Chrono Boost)  
  38  3:26  Probe x2 (Chrono Boost)  
  40  3:27  Sentry  
  42  3:34  Pylon  
  42  3:35  Probe x2, Observer  
  45  3:47  Probe  
  46  3:50  Nexus  
  46  3:52  Probe  
  47  3:56  Pylon  
  47  3:59  Probe  
  48  4:05  Probe, Stalker, Robotics Bay  
  51  4:11  Observer  
  51  4:15  Stalker  
  54  4:19  Adept  
  54  4:23  Probe x2  
  58  4:32  Shield Battery  
  58  4:35  Probe x2  
  60  4:47  Probe x2  
  60  4:52  Assimilator  
  62  4:54  Assimilator  
  62  5:00  Colossus (Chrono Boost)  
  62  5:02  Probe x2 (Chrono Boost)  
  62  5:04  Pylon  
  70  5:10  Probe (Chrono Boost)  
  70  5:11  Pylon  
  73  5:14  Probe (Chrono Boost)  
  73  5:20  Probe (Chrono Boost)  
  73  5:21  Probe (Chrono Boost)  
  74  5:22  Probe (Chrono Boost), Extended Thermal Lance  
  74  5:26  Probe x2 (Chrono Boost), Zealot x3  
  74  5:28  Probe  
  84  5:35  Twilight Council  
  84  5:36  Probe, Forge  
  84  5:38  Probe, Forge  
  84  5:40  Probe  
  87  5:45  Pylon  
  87  5:49  Probe, Pylon  
  88  5:50  Probe  
  88  5:52  Probe  
  90  6:01  Probe  
  90  6:02  Probe  
  90  6:03  Colossus (Chrono Boost), Pylon  
  98  6:04  Probe  
  99  6:13  Probe  
  99  6:14  Probe  
  99  6:16  Probe, Pylon  
  102  6:19  Charge, Assimilator  
  102  6:23  Assimilator  
  102  6:26  Probe, Stalker  
  102  6:27  Protoss Ground Weapons Level 1 (Chrono Boost), Stalker x2  
  102  6:30  Protoss Ground Armor Level 1 (Chrono Boost)  
  109  6:38  Probe  
  110  6:41  Probe x2  
  110  6:42  Nexus  
  110  6:44  Gateway  
  110  6:46  Gateway  
  112  6:50  Probe  
  112  6:53  Probe  
  114  6:55  Probe  
  114  6:56  Pylon  
  114  6:58  Pylon  
  115  7:02  Probe, Photon Cannon  
  115  7:04  Photon Cannon  
  115  7:05  Colossus  
  115  7:06  Probe, Shield Battery  
  123  7:15  Pylon  
  123  7:16  Probe  
  123  7:18  Zealot, Pylon  
  123  7:20  Zealot  
  123  7:21  Sentry  
  130  7:23  Templar Archives  
  127  7:34  Probe  
  123  7:41  Probe  
  123  7:44  Zealot x4  
  130  7:52  Probe x2  
  130  7:56  Probe  
  129  7:58  Pylon, Immortal (Chrono Boost)  
  129  8:02  Photon Cannon  
  129  8:04  Probe, Photon Cannon  
  132  8:10  Gateway x2  
  132  8:11  High Templar x2  
  132  8:12  Gateway, High Templar x2  
  140  8:13  High Templar  
  142  8:20  Archon x2  
  142  8:22  Probe  
  143  8:33  Protoss Ground Weapons Level 2 (Chrono Boost), Protoss Ground Armor Level 2 (Chrono Boost)  
  143  8:36  Gateway  
  143  8:38  Immortal (Chrono Boost)  
  147  8:43  Probe  
  147  8:46  Assimilator  
  147  8:47  Probe, Gateway  
  147  8:48  Gateway  
  149  8:49  Assimilator  
  149  8:55  High Templar x2  
  149  8:58  Photon Cannon, Pylon  
  149  9:02  Photon Cannon  
  153  9:04  Shield Battery  
  153  9:06  High Templar  
  153  9:07  High Templar  
  153  9:09  Zealot x3  
  163  9:10  Archon  
  163  9:11  Archon  
  163  9:22  Nexus  
  163  9:23  Pylon, Immortal (Chrono Boost)  
  167  9:26  Pylon  
  167  9:28  Pylon  
  167  9:35  High Templar x2  
  167  9:36  High Templar  
  167  9:37  Gateway, Zealot x3  
  179  9:40  Archon  
  179  9:41  Gateway  
  179  9:49  Gateway  
  179  9:52  Gateway  
  179  9:55  Assimilator  
  179  9:56  Warp Prism (Chrono Boost)  
  179  9:57  Assimilator  
  179  9:58  Photon Cannon  
  181  10:00  High Templar x2  
  181  10:01  Photon Cannon, High Templar  
  181  10:03  Photon Cannon, High Templar  
  181  10:04  Zealot x3  
  181  10:05  Shield Battery  
  181  10:06  Archon  
  195  10:09  Pylon  
  195  10:10  Archon  
  195  10:12  High Templar  
  195  10:14  Zealot  
  152  10:30  High Templar  
  152  10:31  High Templar  
  152  10:32  Zealot x6  
  152  10:34  Zealot x2  
  136  10:36  Archon  
  128  10:49  High Templar  
  124  10:50  High Templar x2  
  124  10:51  Zealot x2  
  124  10:54  High Templar  
  124  10:55  Zealot x7  
  148  10:57  Archon  
  148  10:58  Archon  
  148  11:06  Colossus  
  154  11:13  Zealot x4  
  162  11:29  Zealot x3  
  162  11:30  Zealot  
  170  11:40  High Templar x4  
  170  11:43  Zealot x4  
  170  11:44  Zealot x2  
  162  11:57  Immortal (Chrono Boost)  
  162  11:59  Zealot x2  
  162  12:00  Zealot x3  
  156  12:10  Robotics Facility  
  156  12:12  Zealot x3  
  156  12:13  High Templar x4  
  156  12:15  Zealot x3  
  170  12:17  Archon  
  170  12:19  Archon  
  160  12:29  Immortal  
  160  12:34  High Templar  
  160  12:35  High Templar x2  
  160  12:36  Zealot x2  
  160  12:37  Zealot x4  
  172  12:38  Probe  
  179  12:58  High Templar x3  
  179  13:00  Zealot x6  
  179  13:02  Pylon  
  179  13:04  Pylon  
  197  13:06  Pylon  
  197  13:08  Nexus  
  197  13:10  Archon x3  
  197  13:12  Assimilator  
  189  13:15  Assimilator  
  189  13:20  Zealot x5  
  199  13:38  Immortal (Chrono Boost)  
  199  13:39  Immortal (Chrono Boost)  
  165  13:44  High Templar x3  
  165  13:45  High Templar x2, Zealot  
  165  13:47  Zealot x5  
  173  13:49  Archon x2  
  173  13:51  High Templar  
  173  13:52  Zealot  
  173  13:53  Zealot  
  173  13:55  Archon  
  159  14:10  Immortal  
  159  14:11  Immortal  
  159  14:24  Zealot  
  159  14:25  Zealot x5  
  159  14:26  High Templar x3  
  159  14:27  High Templar x3  
  159  14:29  Archon  
  159  14:30  Archon x2  
  159  14:31  Archon  
  181  14:32  High Templar  
  181  14:33  Zealot x2  
  181  14:36  Archon  
  169  14:50  Zealot x6  
  169  14:51  Immortal  
  177  15:03  Probe x2  
  165  15:21  High Templar x3  
  165  15:22  High Templar x2, Zealot x2  
  165  15:23  Zealot x6  
  165  15:24  Zealot x2  
  165  15:26  Archon x2  
  179  15:50  High Templar  
  179  15:51  High Templar x7  
  179  15:52  High Templar  
Tags
 
League
GoldGold
Matchup
PvT
Player
ViBE
Replay Pack
Gold_League
Spawn Locations
Cross Positions
Add a new tag
Caveats
  • Supply blocks, unpowered buildings, or Contaminate may cause inaccurate times.
  • Supply counts are checked every 10 seconds.